 Dungeon Crawl Stone Soup version 0.25-a0-665-ga69d64035b (webtiles) character file.

Game seed: 9140231677756555403, levelgen mode: deterministic

67 kae the Firebug (level 4, 0/24 HPs)
             Began as a Tengu Fire Elementalist on Mar 26, 2020.
             Slain by an adder (5 damage)
             ... on level 3 of the Dungeon.
             The game lasted 00:01:27 (1649 turns).

kae the Firebug (Tengu Fire Elementalist)           Turns: 1649, Time: 00:01:27

Health: 0/24       AC:  2    Str:  8    XL:     4   Next: 16%
Magic:  1/8        EV: 12    Int: 17    God:
Gold:   67         SH:  0    Dex: 14    Spells: 4/8 levels left

rFire    . . .     SeeInvis .   (no weapon)
rCold    . . .     Gourm    .   (no shield)
rNeg     . . .     Faith    .   a - +0 robe
rPois    .         Spirit   .   (helmet restricted)
rElec    .         Reflect  .   (no cloak)
rCorr    .         Harm     .   (no gloves)
MR       .....                  (boots unavailable)
Stlth    ++........             (no amulet)
HPRegen  0.08/turn              (no ring)
MPRegen  0.11/turn              (no ring)

@: lethally poisoned (0 -> -6)
A: beak, talons 3
a: no special abilities


You were on level 3 of the Dungeon.
You were hungry.

You visited 1 branch of the dungeon, and saw 3 of its levels.

You collected 67 gold pieces.

Inventory:

Armour
 a - a +0 robe (worn)
Wands
 h - a wand of paralysis (7)
Scrolls
 e - a scroll of teleportation {unknown}
Potions
 b - a potion of might
 f - a potion of magic
 g - a potion of curing
Comestibles
 c - 7 rations


   Skills:
 - Level 2.1 Dodging
 - Level 2.0 Stealth
 + Level 2.5 Spellcasting
 + Level 2.8 Conjurations
 * Level 4.4 Fire Magic


You had 4 spell levels left.
You knew the following spells:

 Your Spells              Type           Power        Failure   Level  Hunger
a - Foxfire               Conj/Fire      ##..         4%          1    #......
b - Conjure Flame         Conj/Fire      ##......     12%         3    ###....

Your spell library contained the following spells:

 Spells                   Type           Power        Failure   Level  Hunger
 Inner Flame              Hex/Fire       #.......     22%         3    ###....
 Sticky Flame             Conj/Fire      ##......     38%         4    #####..
 Fireball                 Conj/Fire      ##........   75%         5    ######.


Dungeon Overview and Level Annotations

Branches:
Dungeon (3/15)

Altars:
Yredelemnul


Innate Abilities, Weirdness & Mutations

You have a beak for a mouth.
You have claws for feet.


Message History

You are poisoned.
The adder poisons you!
Casting: Foxfire (safe; 4% risk of failure)
Confirm with . or Enter, or press ? or * to list all spells.
You conjure some foxfire!
You feel sick. The adder barely misses you.
The foxfire hits the adder.
The adder is almost dead.
The adder bites you.
You are more poisoned.
The adder poisons you!
Casting: Foxfire (safe; 4% risk of failure)
Confirm with . or Enter, or press ? or * to list all spells.
You conjure some foxfire!
* * * LOW HITPOINT WARNING * * *
You feel sick. The adder misses you. The adder bites you.
* * * LOW HITPOINT WARNING * * *
The foxfire hits the adder but does no damage.
The adder is almost dead.
The adder bites you.
You die...

.# .## ...## .(.)# ......
###.....# #@S....# #.######
#.# #.## # ####..##
###.########......##
#............###.#.########
#.#...<.####.# #.##........
####..# #.###.#.#######.


You could see an adder.

Vanquished Creatures
  3 adders (D:2)
  2 worms (D:2)
  2 leopard geckos (D:1)
  2 bats
  6 hobgoblins
  6 kobolds
  A ball python (D:2)
  5 frilled lizards
  A goblin (D:1)
  6 rats
34 creatures vanquished.

Vanquished Creatures (others)
  84 foxfires
84 creatures vanquished.

Grand Total: 118 creatures vanquished

Notes
Turn   | Place    | Note
-------+----------+-------------------------------------------
     0 | D:1      | kae the Tengu Fire Elementalist began the quest for the
                  | Orb.
     0 | D:1      | Reached XP level 1. HP: 10/10 MP: 4/4
   114 | D:1      | Reached XP level 2. HP: 11/15 MP: 3/6
   711 | D:2      | Reached skill level 4 in Fire Magic
   711 | D:2      | Reached XP level 3. HP: 15/19 MP: 2/7
   821 | D:2      | Learned a level 3 spell: Conjure Flame
  1060 | D:2      | Reached XP level 4. HP: 24/24 MP: 0/8
  1534 | D:2      | Found a basalt altar of Yredelemnul.
  1649 | D:3      | Slain by an adder

Levels and vault maps discovered:
D:1:      giann_bridges, layout_basic, minmay_splitting_lines
D:2:      layout_basic, marbit_many_paths, grunt_ministairs_8,
          due_unseen_surprise
D:3:      layout_loops_ring, zin_treasury, lemuel_round_altar,
          uniq_crazy_yiuf_cottage, uniq_jessica

Skill      XL: |  1  2 |
---------------+-------+-----
Conjurations   | 2 |  2.8
Fire Magic     | 4 |  4.4
Dodging        | |  2.1
Stealth        | |  2.0
Spellcasting   | |  2.5

Action                   |  1- 3 |  4- 6 || total
-------------------------+-------+-------++-------
Melee: Unarmed           |    24 |     2 ||    26
       Kick              |     8 |     1 ||     9
       Peck              |     2 |       ||     2
 Cast: Foxfire           |    36 |    20 ||    56
  Use: Scroll            |       |     3 ||     3
 Stab: Distracted        |     1 |       ||     1
       Sleeping          |     1 |       ||     1
  Eat: Chunk             |       |     2 ||     2
Armor: Robe              |     6 |     1 ||     7
Dodge: Dodged            |    24 |    10 ||    34

Table legend:
 A = Non-vault XP
 B = Vault XP
 C = Vault XP percentage of total XP
 D = Non-vault monster count
 E = Vault monster count
 F = Vault count percentage of total count
                 A         B        C        D         E       F
            +---------+---------+-------+---------+---------+-------
      Total |      80 |      16 |  16.7 |      31 |       3 |   8.8
            +---------+---------+-------+---------+---------+-------
        D:1 |      23 |       0 |   0.0 |      14 |       0 |   0.0
        D:2 |      53 |      16 |  23.2 |      15 |       3 |  16.7
        D:3 |       4 |       0 |   0.0 |       2 |       0 |   0.0
            +---------+---------+-------+---------+---------+-------
